Cogmind - Beta 10.2 @@@ ROGUE MODE // 2021.07.19 @ 10:33:01 Player: OccultOnion Result: Destroyed by P-70 Sage with Tesla Rifle Performance ------------- Evolutions (3) 1500 Regions Visited (4) 800 Robots Destroyed (38) 190 Value Destroyed (1004) 1004 Prototype IDs (1) 20 Alien Tech Used (0) 0 Bonus (-176) -176 TOTAL SCORE: 3338 Bonus ------- Friendly Fire -176 Cogmind --------- Core Integrity 0/700 Matter 207/300 Energy 100/100 System Corruption 2% Temperature Cool (0) Movement Core (300) Ox5 Location -7/Factory Parts ------- > --- POWER (2) -------- (None) > --- PROPULSION (4) --- (None) > --- UTILITY (5) ------ Medium Storage Unit Medium Storage Unit Advanced Visual Processing Unit Signal Interpreter > --- WEAPON (2) ------- Mace > --- INVENTORY (12) --- Small Storage Unit Large Storage Unit Weight Redist. System Advanced Terrain Scanner Advanced Terrain Scan Processor Advanced Targeting Computer Matter Filter Improved Light Armor Plating Peak State ------------ > --- POWER ------------ Light Ion Engine Improved Ion Engine > --- PROPULSION ------- Gravmag System Gravmag System Gravmag System Gravmag System > --- UTILITY ---------- Medium Storage Unit Medium Storage Unit Advanced Visual Processing Unit Advanced Sensor Array Signal Interpreter > --- WEAPON ----------- High-powered Shotgun Precision Grenade Launcher > --- INVENTORY -------- Armored Treads Small Storage Unit Large Storage Unit Weight Redist. System Advanced Terrain Scanner Advanced Terrain Scan Processor Advanced Targeting Computer Improved Light Armor Plating Heavy EM Pulse Gun EM Shotgun Gauss Rifle Mace [Rating: 39] Favorites ----------- Power Light Ion Engine Engine Light Ion Engine Power Core Light Nuclear Core Propulsion Aluminum Leg Treads Light Treads Leg Aluminum Leg Wheel Wheel Hover Unit Hover Unit Utility Small Storage Unit Device Sensor Array Storage Small Storage Unit Processor Signal Interpreter Weapon Light EM Pulse Cannon Energy Gun EM Pulse Gun Energy Cannon Light EM Pulse Cannon Ballistic Gun High-powered Shotgun Launcher Precision Grenade Launcher Impact Weapon Mace Build | -11 -10 -9 -8 -7 ------- Run | Scr Mat Mat Mat Fac Slots Evolved 6 | . . 2 2 2 Power 1 | . . . . 1 Propulsion 2 | . . 1 1 . Utility 3 | . . 1 1 1 Weapon . | . . . . . Parts Attached 56 | 1 5 15 18 17 Power 5 | . . . 2 3 Engine 4 | . . . 2 2 Core 1 | . . . . 1 Reactor . | . . . . . Propulsion 19 | . . 7 10 2 Treads 4 | . . 1 1 2 Leg 6 | . . 2 4 . Wheel 1 | . . . 1 . Hover 8 | . . 4 4 . Flight . | . . . . . Utility 8 | 1 1 2 3 1 Device 2 | . . 1 1 . Storage 4 | 1 1 1 1 . Processor 2 | . . . 1 1 Hackware . | . . . . . Protection . | . . . . . Artifact . | . . . . . Weapon 24 | . 4 6 3 11 Energy Gun 8 | . 2 . 1 5 Energy Cannon 6 | . 2 4 . . Ballistic Gun 2 | . . . 1 1 Ballistic Cannon . | . . . . . Launcher 2 | . . . . 2 Special Weapon . | . . . . . Impact Weapon 6 | . . 2 1 3 Slashing Weapon . | . . . . . Piercing Weapon . | . . . . . Special Melee Weapon . | . . . . . Unidentified Prototypes 1 | . . . . 1 Parts Lost 26 | . . 5 2 19 Power 5 | . . . 1 4 Propulsion 9 | . . 3 . 6 Utility 1 | . . . . 1 Weapon 11 | . . 2 1 8 Highest Loss Streak 11 | . . 2 2 11 Average Slot Usage (%) 90 | . 97 98 99 54 Engine 9 | . 14 11 8 3 Treads 3 | . . 5 5 . Leg 17 | . 28 18 24 . Wheel 1 | . . . 4 . Hover 5 | . . 8 1 6 Device 7 | . . 10 9 1 Storage 19 | . 25 22 18 15 Processor 5 | . . . 9 14 Energy Gun 3 | . 8 5 . 3 Energy Cannon 7 | . 8 13 4 . Ballistic Gun 2 | . 10 . 4 1 Impact Weapon 4 | . . 1 8 3 Naked Turns . | . . . . . Heaviest Build 36 | 15 17 24 29 36 Greatest Support 51 | 20 20 20 51 44 Greatest Overweight (x) 9 | . . 2 2 9 Average Overweight (x) . | . . . . 2 Largest Inventory Capacity 12 | 8 8 10 12 12 Average Capacity 9 | 6 7 8 10 12 Most Carried 12 | 6 6 10 12 12 Average Carried 8 | 5 5 7 10 9 Final Capacity 12 | 8 8 10 12 12 Final Carried 12 | 6 6 10 12 8 Class Distribution -------------------- 96% | Mutant 3% | Scout Dominant Class ---------------- Mutant | -10/Materials Mutant | -9/Materials Mutant | -8/Materials Mutant | -7/Factory Resources | -11 -10 -9 -8 -7 ----------- Run | Scr Mat Mat Mat Fac Matter Collected 822 | 240 36 124 231 191 Remotely . | . . . . . Salvage Created 1532 | 73 126 595 362 376 Parts 100 | 2 11 33 34 20 Haulers Intercepted 3 | . . 1 1 1 Recyclers Shooed 1 | . . 1 . . Parts Field Recycled . | . . . . . Retrieved Matter . | . . . . . Parts Self-Destructed . | . . . . . Prevented . | . . . . . Kills | -11 -10 -9 -8 -7 ------- Run | Scr Mat Mat Mat Fac Combat Hostiles Destroyed 23 | . 2 8 7 6 Guns 11 | . . 2 5 4 Cannons 8 | . 1 6 1 . AOE 2 | . 1 . . 1 Classes Destroyed 10 | 1 3 4 1 1 Worker 2 | . . 1 . 1 Builder 1 | . 1 . . . Tunneler 1 | . . . . 1 Hauler 3 | . . 1 1 1 Recycler 2 | 1 . . 1 . Watcher 5 | . 1 3 1 . Swarmer 7 | . . . 4 3 Grunt 7 | . 2 4 . 1 Duelist 1 | . . 1 . . Sentry 9 | . . 3 3 3 Best Kill Streak 4 | 1 4 2 4 2 Combat Bots Only 4 | . 2 2 4 2 Max Kills in Single Turn 3 | 1 3 1 1 1 Gunslinging . | . . . . . Exploded 1 | . 1 . . 1 Melee . | . . . . . Uniques/NPCs Destroyed . | . . . . . Combat | -11 -10 -9 -8 -7 -------- Run | Scr Mat Mat Mat Fac Damage Taken 3519 | . 62 560 479 2418 Core 861 | . 14 62 75 710 Absorbed by Shields . | . . . . . Core Remaining (%) 91 | 100 94 84 86 . Volleys Fired 126 | 5 5 40 36 40 Largest 2 | 2 2 2 1 2 Hottest 112 | 40 100 112 56 110 Shots Fired 176 | 10 10 65 36 55 Gun 115 | 10 5 19 31 50 Cannon 56 | . 5 46 5 . Launcher 5 | . . . . 5 Special . | . . . . . Kinetic 55 | 10 . . 19 26 Thermal 5 | . 5 . . . Explosive 5 | . . . . 5 Electromagnetic 111 | . 5 65 17 24 Robot Hit Streak 14 | 4 9 12 5 14 Robot Miss Streak 8 | 2 2 3 6 8 Penetration Max . | . . . . . Secondary Targets 1 | . . . . 1 Max Gunslinging Chain 1 | . . . . 1 Shots Hit Robots 124 | 6 8 45 24 41 Core Hits 63 | 2 5 20 11 25 Critical Hits 2 | . . 1 1 . Critical Kills . | . . . . . Critical Parts Destroyed 2 | . . 1 1 . Melee Attacks 31 | . . 6 15 10 Impact 31 | . . 6 15 10 Slashing . | . . . . . Piercing . | . . . . . Sneak Attacks 2 | . . . 1 1 Combat Hostiles . | . . . . . Follow-up Attacks . | . . . . . Damage Inflicted 2732 | 91 208 997 497 939 Guns 1181 | 91 69 191 344 486 Cannons 846 | . 86 682 78 . Explosions 379 | . 53 120 . 206 Melee 322 | . . . 75 247 Ramming 4 | . . 4 . . Kinetic 538 | 91 . . 207 240 Thermal 335 | . 139 120 . 76 Explosive 130 | . . . . 130 Electromagnetic 1403 | . 69 873 215 246 Impact 322 | . . . 75 247 Slashing . | . . . . . Piercing . | . . . . . Highest Corruption 2 | . 1 . . 2 Average Corruption 1 | . 1 . . 1 Corruption Purged . | . . . . . Overload Shots . | . . . . . Overflow Damage 168 | . . 46 45 77 Projectiles 38 | . . 38 . . Explosions 62 | . . 8 . 54 Melee 68 | . . . 45 23 Knockbacks 2 | . . . 1 1 Impact 2 | . . . 1 1 Kinetic . | . . . . . Secondary . | . . . . . Self-Inflicted Damage 244 | . . 41 . 203 Shots 4 | . . 1 . 3 Rammed 1 | . . 1 . . Targets Rammed 1 | . . 1 . . Kicked . | . . . . . Crushed . | . . . . . Highest Temperature 192 | . 192 86 27 101 Average Temperature 38 | . 93 31 12 39 Received Heat Transfer 1008 | . 36 231 126 615 Siege Activations . | . . . . . Robots Corrupted 4 | . . 2 1 1 Combat Hostiles 2 | . . . 1 1 Parts Fried 12 | . . 8 2 2 Impact Corruptions 3 | . . . 2 1 Robots Melted . | . . . . . Combat Hostiles . | . . . . . Parts Melted . | . . . . . Heat Transferred 485 | . 235 200 . 50 Parts Sabotaged . | . . . . . Parts Stolen . | . . . . . Parts Stripped . | . . . . . Power Chain Reactions 3 | . 1 2 . . Missiles Intercepted . | . . . . . Alert | -11 -10 -9 -8 -7 ------- Run | Scr Mat Mat Mat Fac Peak Influence 232 | 5 89 232 199 154 Initial 97 | . 3 37 97 14 Average 103 | 2 39 129 104 87 Maximum Alert Level 1 | . . 1 . . Low Security (%) 95 | 100 100 88 100 100 Level 1 4 | . . 11 . . Level 2 . | . . . . . Level 3 . | . . . . . Level 4 . | . . . . . Level 5 . | . . . . . High Security . | . . . . . Max Security . | . . . . . Squads Dispatched 6 | . . 1 1 4 Investigation . | . . . . . Extermination . | . . . . . Reinforcement 3 | . . 1 1 1 Assault . | . . . . . Garrison 3 | . . . . 3 Intercept . | . . . . . Construction Impeded . | . . . . . Haulers Reinforced 1 | . . . . 1 Stealth | -11 -10 -9 -8 -7 --------- Run | Scr Mat Mat Mat Fac Distress Signals 1 | . . . 1 . Communications Jammed . | . . . . . Distress Signals . | . . . . . Times Spotted 50 | . 4 20 16 10 Peak Tracking Total 5 | . 2 3 4 5 Tactical Retreats 3 | . . 2 . 1 Traps | -11 -10 -9 -8 -7 ------- Run | Scr Mat Mat Mat Fac Traps Triggered 1 | . 1 . . . Indirectly . | . . . . . Trap Hack Attempts . | . . . . . Triggered . | . . . . . Disarmed . | . . . . . Reprogrammed . | . . . . . Reused . | . . . . . Traps Extracted . | . . . . . Installed . | . . . . . Triggered . | . . . . . Machines | -11 -10 -9 -8 -7 ---------- Run | Scr Mat Mat Mat Fac Machines Disabled 6 | . . 1 1 4 Max in Single Turn 2 | . . 1 1 2 Machines Sabotaged . | . . . . . Garrisons Compromised . | . . . . . Overloaded Fab Kills . | . . . . . Fab Network Shutdowns . | . . . . . Hacking | -11 -10 -9 -8 -7 --------- Run | Scr Mat Mat Mat Fac Machines Accessed 16 | . 2 7 7 . Terminals 11 | . 1 4 6 . Fabricators . | . . . . . Repair Stations 1 | . 1 . . . Recycling Units 1 | . . 1 . . Scanalyzers 2 | . . 2 . . Garrison Access 1 | . . . 1 . Total Hacks 43 | . 4 19 20 . Successful 26 | . 4 14 8 . Failed 17 | . . 5 12 . Catastrophic . | . . . . . Database Lockouts . | . . . . . Manual 27 | . 2 8 17 . Terminals 31 | . 2 11 18 . Fabricators . | . . . . . Repair Stations 2 | . 2 . . . Recycling Units 2 | . . 2 . . Scanalyzers 6 | . . 6 . . Garrison Access 2 | . . . 2 . Terminal Hacks 7 | . 1 3 3 . Branch Access Points 1 | . . 1 . . Unreport Threat 1 | . . . 1 . Hauler Manifests 1 | . . 1 . . Zone Layout 4 | . 1 1 2 . Fabricator Hacks . | . . . . . Repair Station Hacks 2 | . 2 . . . Scan Component 1 | . 1 . . . Repair 1 | . 1 . . . Recycling Unit Hacks 2 | . . 2 . . Report Inventory 1 | . . 1 . . Retrieve Components 1 | . . 1 . . Scanalyzer 6 | . . 6 . . Insert Component 3 | . . 3 . . Analyze 3 | . . 3 . . Garrison Access Hacks . | . . . . . Unauthorized Hacks 9 | . 1 3 5 . Terminals 9 | . 1 3 5 . Assimilate 1 | . . . 1 . Botnet 8 | . 1 3 4 . Fabricators . | . . . . . Repair Stations . | . . . . . Recycling Units . | . . . . . Scanalyzers . | . . . . . Garrison Access . | . . . . . Data Cores Recovered . | . . . . . Used . | . . . . . Hacking Detections 13 | . 1 5 7 . Full Trace Events . | . . . . . Feedback Events . | . . . . . Feedback Blocked . | . . . . . Robot Schematics Acquired . | . . . . . Robots Built . | . . . . . Matter . | . . . . . Time . | . . . . . Total Robot Build Rating . | . . . . . Part Schematics Acquired 3 | . . 3 . . Parts Built . | . . . . . Matter . | . . . . . Time . | . . . . . Total Part Build Rating . | . . . . . Parts Repaired 1 | . 1 . . . Time 26 | . 26 . . . Parts Recycled . | . . . . . Recycled Matter . | . . . . . Retrieved Matter . | . . . . . Retrieved Components 4 | . . 4 . . Parts Scanalyzed 3 | . . 3 . . Part Schematics Acquired 3 | . . 3 . . Parts Damaged . | . . . . . Bothacking | -11 -10 -9 -8 -7 ------------ Run | Scr Mat Mat Mat Fac Used RIF Installer . | . . . . . Robots Hacked . | . . . . . Non-combat . | . . . . . Combat . | . . . . . Robot Hacks Applied . | . . . . . Relay Couplers Released . | . . . . . Robots Rewired 1 | . . . . 1 Allies Hacked . | . . . . . Hacks Repelled . | . . . . . Allies | -11 -10 -9 -8 -7 -------- Run | Scr Mat Mat Mat Fac Total Allies 2 | . . . 1 1 Largest Group 1 | . . . 1 1 Highest-Rated Group 32 | . . . 10 32 Highest-Rated Ally 32 | . . . 10 32 Total Orders . | . . . . . Ally Attacks . | . . . . . Total Damage . | . . . . . Kills . | . . . . . Allies Corrupted . | . . . . . Allies Melted . | . . . . . Intel | -11 -10 -9 -8 -7 ------- Run | Scr Mat Mat Mat Fac Robot Analysis Total . | . . . . . Derelict Logs Recovered . | . . . . . Drone Launches . | . . . . . Drone Recoveries . | . . . . . Exploration | -11 -10 -9 -8 -7 ------------- Run | Scr Mat Mat Mat Fac Turns Passed 2514 | 32 234 983 789 476 Spaces Moved 1473 | 12 159 638 467 197 Core 69 | . . . . 69 Treads 18 | . . . 4 14 Legs 998 | 12 159 481 346 . Wheels 91 | . . . 91 . Hover 297 | . . 157 26 114 Flight . | . . . . . Fastest Speed 48 | 120 120 120 48 48 Average Speed 128 | 120 120 124 123 157 Slowest Speed 500 | 120 120 190 190 500 Overloaded Moves . | . . . . . Propulsion Burnouts . | . . . . . Robots Hopped . | . . . . . Cave-ins Triggered . | . . . . . Exploration Rate (%) 22 | 3 23 44 38 4 Regions Visited 4 Branch Regions . Pre-discovered Areas . | . . . . . Known Exits Taken 1 | . . . 1 . Unknown Exits Taken 3 | 1 1 1 . . Scrap Searched . | . . . . . Spaces Dug 18 | . . 5 13 . Terrain Destroyed 94 | . 2 9 13 70 Melee 18 | . . 5 13 . Projectile 2 | . . . . 2 AOE 74 | . 2 4 . 68 Terrain Rammed . | . . . . . Walls Destroyed . | . . . . . Machines Disabled . | . . . . . Actions | -11 -10 -9 -8 -7 --------- Run | Scr Mat Mat Mat Fac Total 1884 | 20 194 756 624 290 Wait 93 | . 7 31 43 12 Move 1469 | 11 158 637 466 197 Hop . | . . . . . Pick Up 66 | 2 10 18 26 10 Fast Attach . | . . . . . Attach 31 | 1 1 9 7 13 Detach 1 | . . 1 . . Swap 25 | . 4 6 11 4 Drop 38 | 1 9 7 20 1 Fire 126 | 5 5 40 36 40 Melee 31 | . . 6 15 10 Ram 1 | . . 1 . . Kick . | . . . . . Crush . | . . . . . Escape Stasis . | . . . . . Rewire 3 | . . . . 3 Trap . | . . . . . Miscellaneous . | . . . . . Route ------- -11/Scrapyard -10/Materials -9/Materials (discovered 2 exits: *Mat / *Min) -8/Materials (discovered 2 exits: *Fac x2) -7/Factory History --------- Turn | Location | Event 1 | -11/Scrapyard | Discovered new exit (range 3) 33 | -11/Scrapyard | Entered Materials 84 | -10/Materials | Repaired Sml. Storage Unit? 197 | -10/Materials | Discovered new exit (range 15) 267 | -10/Materials | Entered another Materials area 267 | -9/Materials | Evolved 2 slots: Propulsion x1, Utility x1 310 | -9/Materials | Build established: Mutant 906 | -9/Materials | Discovered new exit (range 16) 999 | -9/Materials | Identified exit to Mines 1250 | -9/Materials | Entered another Materials area 1250 | -8/Materials | Evolved 2 slots: Propulsion x1, Utility x1 1765 | -8/Materials | Discovered new exit (range 14) 2035 | -8/Materials | Discovered new exit (range 4) 2038 | -8/Materials | Identified exit to Factory 2039 | -8/Materials | Entered Factory 2039 | -7/Factory | Evolved 2 slots: Power x1, Utility x1 2199 | -7/Factory | Lost 11 parts (2p4n1u4w) 2252 | -7/Factory | Core integrity fell below 50% 2279 | -7/Factory | Lost 6 parts (2p2n2w) 2498 | -7/Factory | Core integrity fell below 20% 2515 | -7/Factory | Destroyed by P-70 Sage with Tesla Rifle Last Messages --------------- 02345_ Fusion Modulator explodes. 02345_ Arc Projector destroyed. 02345_ Destroyed Arc Projector. 02345_ Arc Projector destroyed. 02345_ Destroyed Arc Projector. 02345_ Fusion Modulator explodes. 02345_ Imp. Heat Sink fried. 02345_ Guardian 4a destroyed. 02355_ R-06 Scavenger collects Flak Gun. 02359_ R-06 Scavenger collects Imp. Light Armor Plating. 02363_ R-06 Scavenger collects Lgt. Treads. 02405_ Sneak attack on K-01 Serf. 02405_ Destroyed Wheel. 02405_ K-01 Serf system corrupted by crushing effect. 02406_ K-01 Serf system terminally corrupted. 02447_ K-01 Serf collects debris. 02466_ P-70 Sage resets T-07 Excavator, system corruption cleaned. 02470_ K-01 Serf collects debris. 02471_ P-70 Sage resets K-01 Serf, system corruption cleaned. 02511_ P-70 Sage knocked back. Map ----- +----------------------------------------------------+ | ??? #??????????????????????????????? | | ????? % #??????????????????????????????? | | ????? #??????????????????????????????? | | #?##### ???????????????????????????????? | | ### # ?????????????????????????????????? | | ## ##+##?????????????????????????????????? | | # =#?????????????????????????????????? | | # """"%#?????????????????????????????????? | | # % """" #?????????????????????????????????? | | # """" #?????????????????????????????????? | | # """ #?????????????????????????????????? | | # #?????????????????????????????????? | | # """"" #??????????????????????????????? ?? | | # """" #????????????????????????????? ?? | | # """" #???????????????????????????? ? | | # """" #??????????????????????????? ?? | | # *% #????????????????????????? ??? | | # #???????????????????????? #????? | | ###+################################# #????? | | kt #????? | | #????? | | #????? | | % #????? | | #????? | | #### """""#"""##########p######## ######????? | | ####+"""" ###?# @ #??? #?????????? | | # % "#?# #???????????????? | | # "### """ """ #???????????????? | | # [[ " ## """ """ #???????????????? | | + [ "### ! """ """ #???????????????? | | # " ## #???????????????? | | # "### """ """ #???????????????? | | #####" "" ## """ """ #???????????????? | | #???### #### """ """ #???????????????? | | #?????# # ##??# ??? ? #???????????????? | | #?????#########???# ??? ??#???????????????? | | #?????????????????# ???? ??????????????????? | | #?????????????????#??????###???????????????????? | | ##########?????????????????????????????????????? | | # """ """ #????????????????????????????????????? | | # """ """ #????????????????????????????????????? | | # """ """ #????????????????????????????????????? | | # #????????????????????????????????????? | | + #????????????????????????????????????? | | # #????????????????????????????????????? | | # #????????????????????????????????????? | | # #????????????????????????????????????? | | ##########+##????????????????????????????????????? | | ?????????????????????????????????????????????????? | | ?????????????????????????????????????????????????? | +----------------------------------------------------+ Best States ------------- Heat Dissipation 34 Energy Generation 17 Energy Capacity 290 Matter Stores 300 Matter Capacity 300 Sight Range 20 Robot Scan Range 16 Terrain Scan Density 10 Evasion (%) 55 Recoil Reduction 1 Item Schematics ----------------- Lgt. EM Pulse Cannon | -9/Materials | Scanalyzed Core Shielding | -9/Materials | Scanalyzed EM Shotgun | -9/Materials | Scanalyzed Robot Schematics ------------------ None Fabricated ------------ Nothing Alien Tech Used ----------------- None Achievements -------------- None Challenges ------------ None Game ------ Seed DisruptorSignalNullifier Manual? 0 Play Time 00:32:33 Cumulative 90.6 hours Start 2021.07.19 @ 10:00:08 End 2021.07.19 @ 10:33:01 Sessions 1 Manual Loads 0 Difficulty Rogue Special Mode None Game No. 188 Rogue 188 Adventurer 0 Explorer 0 Win Type - Total 0 Types 0/0/0/0/0/0/0/0/0 Lore% 33 Gallery% 56 Achievement% 34 Wizard Run 0 Options --------- ASCII 0 Keyboard 1 Movement Numpad Keybinds 0 Fullscreen 1 Font 18/SmallcapsGlow Map View 76x50 Tactical HUD 1 Map Filters NONE Filters NONE Steam 1 RUN: 251b6b4c-b80d-482a-81c8-dcc48bd158d1